 Dungeon Crawl Stone Soup version 0.20-a0-350-ga83eecc (webtiles) character file.

48834 hairmachine the Bludgeoner (level 14, -7/133 HPs)
             Began as a Minotaur Monk on Dec 24, 2016.
             Was an Initiate of Gozag.
             Mangled by a death yak (15 damage)
             ... led by a torpor snail
             ... on level 6 of the Lair of Beasts.
             The game lasted 03:27:47 (16636 turns).

hairmachine the Bludgeoner (Minotaur Monk)         Turns: 16636, Time: 03:27:50

Health: -7/133     AC: 20    Str: 20 (22) XL:     14   Next: 13%
Magic:  25/25      EV: 11    Int:  7 (8)  God:    Gozag
Gold:   2372       SH:  0    Dex: 14 (15) Spells: 13/13 levels left

rFire  + + .     SeeInvis +     F - +6 great mace "Uxoiraill" {crush, +Fly MP+9 Str-3 SInv}
rCold  . . .     Gourm    .     T - +2 plate armour {rF+}
rNeg   . . .     Faith    .     (shield currently unavailable)
rPois  .         Spirit   .     J - +2 hat
rElec  .         Reflect  .     y - +2 cloak
rCorr  .         Harm     .     P - +0 pair of gloves
MR     +....                    Q - +0 pair of boots
Stlth  ..........               (no amulet)
                                f - ring of protection from fire {rF+, !d}
                                x - +5 ring of strength

@: gold aura, very slightly contaminated, hasted, very quick
A: retaliatory headbutt, claws 1, horns 2, deformed body, strong 1
a: Potion Petition, Call Merchant, Bribe Branch, Renounce Religion, Evoke Flight


You were on level 6 of the Lair of Beasts.
You worshipped Gozag.
Gozag was most pleased with you.
You were hungry.

You visited 3 branches of the dungeon, and saw 16 of its levels.
You also visited: Volcano.

You collected 4526 gold pieces.
You spent 387 gold pieces at shops.
You paid 1767 gold pieces to Gozag.


Innate Abilities, Weirdness & Mutations

You reflexively headbutt those who attack you in melee.
You have a pair of horns on your head.
You have sharp fingernails.
Armour fits poorly on your strangely shaped body.
Your muscles are strong. (Str +2)


   Skills:
 + Level 14.5 Fighting
 * Level 18.3 Maces & Flails
 + Level 5.7 Throwing
 - Level 11.0 Armour
 + Level 9.8 Dodging
 - Level 1.5 Stealth
 - Level 4.0 Evocations


You had 13 spell levels left.
You didn't know any spells.

Inventory:

Hand Weapons
 F - the +6 great mace "Uxoiraill" (weapon) {crush, +Fly MP+9 Str-3 SInv}
   (You bought it in a shop on level 6 of the Dungeon)

   It inflicts extra damage upon your enemies.
   It affects your strength (-3).
   It affects your magic capacity (+9).
   It lets you see invisible.
   It lets you fly.
 R - a +1 great mace of flaming
   (You found it in a volcano)
Missiles
 i - 8 javelins of returning (quivered)
 p - 6 tomahawks
 s - a javelin
 M - 2 throwing nets {!f=f, !d}
Armour
 y - a +2 cloak (worn)
   (You took it off Crazy Yiuf on level 3 of the Dungeon)
 J - a +2 hat (worn)
   (You found it on level 2 of the Lair of Beasts)
 P - a +0 pair of gloves (worn)
   (You found it on level 1 of the Lair of Beasts)
 Q - a +0 pair of boots (worn)
   (You found it on level 2 of the Lair of Beasts)
 T - a +2 plate armour of fire resistance (worn)
   (You found it in a volcano)
Jewellery
 c - an uncursed ring of protection from cold {rC+, !d}
   (You found it on level 3 of the Lair of Beasts)
 f - a ring of protection from fire (right hand) {rF+, !d}
   (You found it on level 6 of the Dungeon)
 n - an uncursed ring of positive energy {rN+}
   (You found it on level 1 of the Dungeon)
 v - an uncursed ring of resist corrosion
   (You found it on level 9 of the Dungeon)
 x - a +5 ring of strength (left hand)
   (You took it off an orc wizard on level 3 of the Dungeon)
Wands
 a - a wand of slowing (13/48)
   (You took it off Blork the orc on level 6 of the Dungeon)
 L - a wand of lightning (6/15)
   (You found it on level 8 of the Dungeon)
 O - a wand of disintegration (21/24)
   (You found it on level 3 of the Dungeon)
 W - a wand of acid (1/15)
   (You found it on level 3 of the Lair of Beasts)
Scrolls
 b - 3 scrolls of fog {!r}
 o - 8 scrolls of remove curse {!r}
 q - a scroll of identify {!r}
 t - 4 scrolls of teleportation {!r}
 w - 4 scrolls of recharging {!r}
 G - a scroll of magic mapping {!r}
 H - 2 scrolls of amnesia {!r}
 I - 4 scrolls of fear {!r}
 K - a scroll of enchant weapon {!r, unknown}
 N - a scroll of acquirement {!r, unknown}
 X - a scroll of summoning {!r, unknown}
 Y - a scroll of brand weapon {!r, unknown}
Potions
 d - 3 potions of curing {!q}
 e - a potion of lignification {!q}
 g - 2 potions of heal wounds {!q}
 h - 5 potions of flight {!q}
 j - 6 potions of resistance {!q}
 k - 2 potions of haste {!q}
 l - a potion of degeneration {!q}
 r - a potion of mutation {!q}
 u - 4 potions of agility {!q, unknown}
 A - a potion of brilliance {!q, unknown}
 B - a potion of ambrosia {!q, unknown}
 S - a potion of berserk rage {!q, unknown}
 V - a potion of cure mutation {!q, unknown}
 Z - a potion of might {!q, unknown}
Miscellaneous
 m - a lamp of fire
   (You found it on level 6 of the Lair of Beasts)
Comestibles
 z - a meat ration
 C - 3 fruits
 E - 9 beef jerkies
 U - 9 bread rations

Dungeon Overview and Level Annotations

Branches:
Dungeon (9/15)             Temple (1/1) D:4            Lair (6/6) D:8
 Shoals (0/4) Lair:4        Snake (0/4) Lair:3        Slime (0/5) Lair:6
    Orc: D:9-12

Altars:
Ashenzari
Cheibriados
Dithmenos
Elyvilon
Fedhas
Gozag
Hepliaklqana
Kikubaaqudgha
Makhleb
Nemelex Xobeh
Okawaru
Qazlal
Ru
Sif Muna
Trog
Uskayaw
Vehumet
Xom
Yredelemnul
Zin
The Shining One
Jiyva

Shops:
D:6 (   Lair:2 %

Annotations:
D:2 exclusion: downstairs
D:3 exclusion: downstairs
D:7 exclusion: 3 downstairs
Lair:2 exclusion: downstairs
Lair:3 exclusions: downstairs, oklob plant and 4 more exclusions
Lair:6 1 runed door

.####....###...........####
.##.#...###....$@Y...P#...# ###
.###..####...............######.#
###...P##...................#....
##...###..........##.##.......#
###.##.###.........#######.....#
#....### ##......P###.##........
#...## ###....###.####.......
#..## #.......#.##........ ##...#
###...#.........(... #....#
##..##............. P...##
###.................. ....#
#.................... #..##
#..........(......(.. #.##
###.................. ...##
#.................. ....#
##..................


You could see a death yak.


Message History

You feel very sick.
The swamp dragon breathes poison at you.
The blast of poison misses you.
Damage: -8%(-11hp) hp: 82%(108hp) Really read
t - 5 scrolls of teleportation {!r}?
As you read the scroll of teleportation {!r}, it crumbles to dust.
You feel strangely unstable.
You are engulfed in poison gas.
You are more poisoned.
You feel very sick.
Damage: -7%(-9hp) hp: 75%(99hp)
You are engulfed in poison gas.
You are more poisoned.
* * * LOW HITPOINT WARNING * * *
You feel very sick.
Damage: -10%(-13hp) hp: 65%(86hp)
You are engulfed in poison gas.
You are more poisoned.
* * * LOW HITPOINT WARNING * * *
Your surroundings suddenly seem different.
You feel very sick.
A death yak comes into view.
The death yak bellows!
A torpor snail comes into view.
Damage: -10%(-14hp) hp: 55%(72hp) Really quaff
d - 4 potions of curing {!q}?
You feel better. The torpor snail bites you.
* * * LOW HITPOINT WARNING * * *
Being near the torpor snail leaves you feeling lethargic.
You are too injured to fight recklessly!
Your plate armour prevents you from hitting the torpor snail.
You headbutt the torpor snail.
The torpor snail is lightly wounded.
The torpor snail bites you!
* * * LOW HITPOINT WARNING * * *
Damage: -7%(-9hp) hp: 52%(69hp)
You thump the torpor snail!
The torpor snail is moderately wounded.
The death yak gores you!
* * * LOW HITPOINT WARNING * * *
The torpor snail closely misses you.
Damage: -8%(-11hp) hp: 44%(58hp) Really quaff
l - 2 fuming silvery potions {!q}?
It was a potion of degeneration {!q}.
There was something very wrong with that liquid.
You feel weakened.
You feel dopey.
You feel clumsy. The death yak gores you!
* * * LOW HITPOINT WARNING * * *
The torpor snail closely misses you. The death yak gores you!
* * * LOW HITPOINT WARNING * * *
Huge Dmg: -14%(-19hp) hp: 30%(39hp) Really quaff
r - 2 metallic grey potions {!q}?
It was a potion of mutation {!q}.
You feel extremely strange.
Your body twists and deforms.
Your fingernails lengthen.
You feel stronger. The death yak gores you.
* * * LOW HITPOINT WARNING * * *
The torpor snail barely misses you.
Damage: -1%(-1hp) hp: 29%(38hp) Really quaff
g - 4 potions of heal wounds {!q}?
You feel much better.
The death yak gores you but does no damage.
The torpor snail barely misses you. The death yak gores you!
* * * LOW HITPOINT WARNING * * *
You bludgeon the torpor snail!!
The torpor snail is almost dead.
The death yak gores you!
* * * LOW HITPOINT WARNING * * *
The torpor snail bites you!
* * * LOW HITPOINT WARNING * * *
Huge Dmg: -18%(-25hp) hp: 22%(28hp)
You sock the torpor snail!
You kill the torpor snail!
You feel yourself speed up. The death yak gores you!
* * * LOW HITPOINT WARNING * * *
Huge Dmg: -12%(-15hp) hp: 10%(13hp) Really quaff
g - 3 potions of heal wounds {!q}?
You feel much better. The death yak gores you!!
* * * LOW HITPOINT WARNING * * *
Really quaff
k - 3 potions of haste {!q}?
You feel yourself speed up.
The death yak gores you but does no damage.
You are very lightly contaminated with residual magic.
You bludgeon the death yak!!
You headbutt the death yak, but do no damage.
The death yak is moderately wounded.
You hammer the death yak like a gong!!!
The death yak is almost dead.
The death yak gores you!
* * * LOW HITPOINT WARNING * * *
Huge Dmg: -4%(-6hp) hp: 7%(8hp)
You hit the death yak but do no damage. Your headbutt misses the death yak.
The death yak is almost dead.
The death yak gores you!
You die...
Your body crumbles into a pile of gold.

Vault maps used:
D:1:      minmay_arrival_glassed_features
D:2:      overflow_temple_1_default, serial_undead, serial_undead_f,
          serial_undead_a, serial_undead_b, serial_undead_a
D:3:      uniq_sigmund, uniq_natasha, uniq_crazy_yiuf_cottage
D:5:      first_bread, basic_altar, minmay_misc_feat_enclosed,
          hangedman_ru_absence
D:6:      nicolae_gozag_seed_capital, uniq_blork_the_orc, uniq_menkaure
D:7:      gammafunk_temple_overflow_elements, trog_eyes_of_draining
D:8:      erik_lair_orcish_takeover, grunt_ogre_cave, st_stairs_9
D:9:      nemelex_xobeh_ov_fountains_minmay, lemuel_tele_altar
Temple:   compressed_dpeg_circular_temple
Lair:2:   nicolae_volcano_entry_lava_flow
Lair:3:   grunt_megastairs_1, minmay_lair_oklob_chamber, serial_bayou_shore_a,
          infiniplex_staircase_pool
Lair:4:   elwin_shoals_entry_rocks, uniq_nergalle
Lair:5:   beast_lair_carwin_large_3, hangedman_lair_generics_rect
Lair:6:   guppyfry_lair_end_dragon, slime_altar_2
Volcano:  volcano_village

Notes
Turn   | Place    | Note
-------+----------+-------------------------------------------
     0 | D:1      | hairmachine the Minotaur Monk began the quest for the Orb.
     0 | D:1      | Reached XP level 1. HP: 19/19 MP: 0/0
   106 | D:1      | Reached skill level 4 in Maces & Flails
   212 | D:1      | Reached XP level 2. HP: 20/26 MP: 1/1
   532 | D:2      | Found a deep blue altar of Sif Muna.
   542 | D:2      | Reached skill level 5 in Maces & Flails
   570 | D:2      | Reached XP level 3. HP: 31/31 MP: 2/2
  1168 | D:3      | Reached skill level 6 in Maces & Flails
  1168 | D:3      | Reached XP level 4. HP: 39/39 MP: 3/3
  1180 | D:3      | Noticed Natasha
  1278 | D:3      | Killed Natasha
  1278 | D:3      | Reached XP level 5. HP: 31/45 MP: 4/4
  1286 | D:3      | Reached skill level 7 in Maces & Flails
  1562 | D:3      | Noticed Sigmund
  1581 | D:3      | Noticed Natasha
  1850 | D:3      | Reached skill level 8 in Maces & Flails
  2007 | D:3      | Found a runed door.
  2011 | D:3      | Noticed Crazy Yiuf
  2016 | D:3      | Killed Crazy Yiuf
  2016 | D:3      | Reached XP level 6. HP: 52/52 MP: 5/5
  2060 | D:4      | Noticed an ice beast
  2105 | D:3      | Killed Natasha
  2105 | D:3      | Reached skill level 1 in Armour
  2202 | D:3      | Killed Sigmund
  2228 | D:3      | Noticed Natasha
  2230 | D:3      | Killed Natasha
  2406 | D:4      | Reached XP level 7. HP: 56/60 MP: 6/6
  2481 | D:4      | Reached skill level 5 in Fighting
  2782 | D:4      | Found a staircase to the Ecumenical Temple.
  2788 | Temple   | Entered the Ecumenical Temple
  2807 | Temple   | Became a worshipper of Gozag Ym Sagoz the Greedy
  2956 | D:4      | Reached skill level 9 in Maces & Flails
  3598 | D:5      | Entered Level 5 of the Dungeon
  3648 | D:5      | Found a sacrificial altar of Ru.
  3678 | D:5      | Got a scorched spear
  3725 | D:5      | Found an opulent altar of Gozag.
  3852 | D:5      | Reached XP level 8. HP: 69/70 MP: 7/7
  3875 | D:5      | Reached skill level 1 in Throwing
  4417 | D:6      | Noticed Blork the orc
  4422 | D:6      | Killed Blork the orc
  4422 | D:6      | Reached skill level 5 in Armour
  4989 | D:6      | Reached skill level 10 in Maces & Flails
  5061 | D:6      | Found an opulent altar of Gozag.
  5218 | D:6      | Reached XP level 9. HP: 77/79 MP: 8/8
  5358 | D:6      | Noticed Menkaure
  5362 | D:6      | Killed Menkaure
  5826 | D:6      | Bought a pitted great mace for 287 gold pieces
  5826 | D:6      | Identified the +6 great mace "Uxoiraill" {crush, +Fly MP+9 Str-3 SInv} (You bought it in a shop on level 6 of the Dungeon)
  5939 | D:7      | Found a bloodstained altar of Trog.
  6000 | D:7      | Found a burning altar of Makhleb.
  6000 | D:7      | Found a basalt altar of Yredelemnul.
  6313 | D:8      | Noticed an unseen horror
  6313 | D:8      | Noticed a two-headed ogre
  6335 | D:8      | Noticed a two-headed ogre
  6365 | D:8      | Reached skill level 11 in Maces & Flails
  6409 | D:8      | Killed a two-headed ogre
  6459 | D:8      | Reached XP level 10. HP: 80/91 MP: 9/9
  6773 | D:8      | Reached skill level 12 in Maces & Flails
  6836 | D:8      | Killed a two-headed ogre
  6836 | D:8      | Reached skill level 10 in Fighting
  7048 | D:8      | Found a staircase to the Lair.
  7359 | D:9      | Found a sparkling altar of Nemelex Xobeh.
  7503 | D:9      | Reached skill level 10 in Armour
  7759 | D:9      | Found a blossoming altar of Fedhas.
  8028 | Lair:1   | Entered Level 1 of the Lair of Beasts
  8087 | Lair:1   | Reached skill level 13 in Maces & Flails
  8087 | Lair:1   | Reached XP level 11. HP: 84/102 MP: 10/10
  9466 | Lair:2   | Found a dark tunnel.
  9475 | Volcano  | Entered a volcano
  9495 | Volcano  | Noticed a two-headed ogre
  9496 | Volcano  | Killed a two-headed ogre
  9533 | Volcano  | Reached skill level 14 in Maces & Flails
  9889 | Lair:2   | Noticed a five-headed hydra
  9898 | Lair:2   | Killed a five-headed hydra
 10062 | Lair:2   | Reached skill level 5 in Dodging
 10380 | Lair:2   | Bought a bread ration for 50 gold pieces
 10380 | Lair:2   | Bought a bread ration for 50 gold pieces
 10699 | Lair:3   | Found a staircase to the Snake Pit.
 10734 | Lair:3   | Reached XP level 12. HP: 110/113 MP: 11/11
 11140 | Lair:3   | Reached skill level 15 in Maces & Flails
 11354 | Lair:4   | Noticed Nergalle
 11363 | Lair:4   | Killed Nergalle
 11786 | Lair:4   | Found a staircase to the Shoals.
 12532 | Lair:5   | Noticed a death yak
 12532 | Lair:5   | Noticed a death yak
 12532 | Lair:5   | Noticed a catoblepas
 12550 | Lair:5   | Killed a catoblepas
 12550 | Lair:5   | Reached skill level 16 in Maces & Flails
 12550 | Lair:5   | Reached skill level 1 in Evocations
 12564 | Lair:5   | Killed a death yak
 12569 | Lair:5   | Killed a death yak
 12839 | Lair:5   | Noticed a death yak
 12844 | Lair:5   | Noticed an eight-headed hydra
 13272 | Lair:5   | Reached XP level 13. HP: 80/122 MP: 13/13
 13694 | Lair:5   | Reached skill level 17 in Maces & Flails
 14233 | Lair:6   | Entered Level 6 of the Lair of Beasts
 14803 | Lair:6   | Noticed a fire dragon
 15570 | Lair:6   | Reached skill level 5 in Throwing
 15601 | Lair:6   | Reached skill level 18 in Maces & Flails
 15984 | Lair:6   | Found a runed door.
 15985 | Lair:6   | Found a viscous altar of Jiyva.
 15985 | Lair:6   | Noticed an acid blob
 15986 | Lair:6   | Found a staircase to the Slime Pits.
 15986 | Lair:6   | Noticed an acid blob
 15987 | Lair:6   | Noticed an acid blob
 16076 | Lair:6   | Reached XP level 14. HP: 100/133 MP: 16/16
 16628 | Lair:6   | Gained mutation: Armour fits poorly on your strangely shaped body. [potion of mutation]
 16628 | Lair:6   | Gained mutation: You have sharp fingernails. [potion of mutation]
 16628 | Lair:6   | Gained mutation: Your muscles are strong. (Str +2) [potion of mutation]
 16636 | Lair:6   | Mangled by a death yak

Vanquished Creatures
  2 hydras
  3 two-headed ogres
  2 catoblepae
  16 death yaks
  Nergalle (Lair:4)
  2 salamanders (Volcano)
  5 elephants (Lair:6)
  6 black mambas
  10 spiny frogs
  A torpor snail (Lair:6)
  4 rime drakes
  6 komodo dragons
  3 polar bears
  A troll (D:9)
  19 dream sheep (Lair:5)
  18 blink frogs
  6 hippogriffs
  Sigmund (D:3)
  A basilisk (Lair:6)
  32 yaks
  2 hungry ghosts (D:8)
  A fire bat (Volcano)
  2 steam dragons (Lair:6)
  2 wargs (D:8)
  Menkaure (D:6)
  9 water moccasins
  2 acid dragons (Lair:6)
  3 hell hounds (Volcano)
  6 porcupines
  2 orc warriors
  2 swamp drakes (Lair:6)
  2 ice beasts
  2 black bears
  4 sky beasts
  2 eyes of draining (D:7)
  7 ogres
  3 centaurs
  9 wolves
  17 crocodiles
  A big kobold (D:9)
  Blork the orc (D:6)
  11 bullfrogs
  2 gnoll sergeants
  A wyvern skeleton (D:6)
  2 scorpions
  A water moccasin skeleton (D:6)
  5 killer bees (D:8)
  10 wights
  3 crimson imps
  A centaur zombie (D:6)
  A jelly (D:6)
  2 hounds
  A bullfrog zombie (D:5)
  2 centaur skeletons
  5 orc priests
  Crazy Yiuf (D:3)
  Natasha (thrice) (D:3)
  5 iguanas
  16 orc wizards
  5 worker ants
  A hound zombie (D:5)
  2 hound skeletons
  A worker ant zombie (D:7)
  7 gnolls
  9 adders
  2 shadow imps
  An ooze (D:2)
  An adder zombie (D:5)
  4 adder skeletons
  2 worms (D:3)
  2 dart slugs
  3 leopard geckos
  41 orcs
  3 ball pythons
  11 giant cockroaches
  9 goblins
  9 hobgoblins
  9 jackals
  15 kobolds
  3 quokkas
  A ball python skeleton (D:2)
  7 bats
  5 frilled lizards
  A leopard gecko zombie (D:2)
  A quokka zombie (D:2)
  4 rats (D:1)
450 creatures vanquished.

Vanquished Creatures (others)
  4 bushes
  41 fungi
  14 plants
59 creatures vanquished.

Grand Total: 509 creatures vanquished

Action                   |  1- 3 |  4- 6 |  7- 9 | 10-12 | 13-15 || total
-------------------------+-------+-------+-------+-------+-------++-------
Melee: Mace              |    78 |   106 |    28 |       |       ||   212
       Headbutt          |    11 |    22 |    61 |    77 |    64 ||   235
       Morningstar       |       |       |   182 |       |       ||   182
       Great mace        |       |       |    37 |   421 |   265 ||   723
Throw: Javelin           |     5 |    12 |   107 |   125 |    26 ||   275
       Stone             |     3 |    13 |       |       |       ||    16
       Tomahawk          |       |     8 |       |     4 |    12 ||    24
       Throwing net      |       |       |       |     2 |     2 ||     4
Invok: Potion Petition   |       |       |     1 |     1 |     1 ||     3
       Call Merchant     |       |       |     1 |     1 |       ||     2
Evoke: Wand              |       |     2 |     1 |     3 |     1 ||     7
  Use: Scroll            |     2 |     1 |     6 |    10 |     4 ||    23
       Potion            |       |       |       |       |     7 ||     7
 Stab: Distracted        |       |       |     1 |     4 |     2 ||     7
       Held in net/web   |       |       |       |       |     3 ||     3
       Petrified         |       |       |       |       |     2 ||     2
       Invisible         |       |       |       |       |     5 ||     5
  Eat: Chunk             |     1 |     4 |       |       |       ||     5
       Meat ration       |       |       |     3 |       |       ||     3
       Bread ration      |       |       |       |     5 |     1 ||     6
       Pizza             |       |       |       |       |     2 ||     2
       Beef jerky        |       |       |       |       |     1 ||     1
Armor: Ring mail         |    25 |    24 |       |       |       ||    49
       Plate armour      |       |       |   131 |   219 |    95 ||   445
Dodge: Dodged            |    34 |    38 |    56 |   147 |    78 ||   353

Skill      XL: |  1  2  3  4  5  6  7  8  9 10 11 12 13 |
---------------+----------------------------------------+-----
Maces & Flails | 4 5 6 8 9 10 11 13 14 16 18 | 18.3
Armour         | 2 4 6 8 10 11 | 11.0
Fighting       | 4 6 7 9 11 12 13 14 | 14.5
Throwing       | 3 4 5 |  5.7
Dodging        | 5 8 9 |  9.8
Evocations     | 2 4 |  4.0
Stealth        | |  1.5
